Map: Traitor's Exile

Players

VuLTuRe

  • Race: Zerg Zerg
  • League: Diamond
  • Spawn Location: 12:00

IIIIIIIIII

  • Race: Zerg Zerg
  • Spawn Location: 9:00

kvarg - Winner!

  • Race: Zerg Zerg
  • Spawn Location: 6:00

IIIIIIIIIIII - Winner!

  • Race: Terran Terran
  • League: Bronze
  • Spawn Location: 5:00

VOD

Have the link to the VOD?

Description

1vs2

Time

  • Played on: March 21, 2018, 11:47 a.m.
  • Length: 21:29
Show
View Real Time Build Order
Export as new Build Order

VuLTuRe Zerg 

Build Orders: Pool First 

Get SALT Encoding   

  12  0:01  Drone  
  13  0:14  Overlord  
  13  0:18  Drone  
  14  0:35  Spawning Pool  
  13  0:38  Extractor  
  13  0:40  Drone  
  13  0:49  Drone x2  
  15  0:58  Drone  
  16  1:22  Zergling x4  
  16  1:23  Queen  
  16  1:24  Zergling x2  
  21  1:38  Overlord  
  21  1:39  Metabolic Boost  
  21  2:04  Hatchery  
  20  2:13  Zergling x4  
  20  2:15  Zergling x2  
  23  2:34  Zergling x8  
  27  2:43  Overlord  
  27  2:51  Drone  
  28  3:04  Zergling x2  
  29  3:07  Queen  
  30  3:24  Zergling x8  
  32  3:34  Zergling x4  
  33  3:42  Zergling x4  
  33  3:43  Zergling x4  
  37  3:58  Zergling x4  
  34  4:16  Zergling x16  
  41  4:33  Drone x3  
  41  4:34  Lair  
  41  4:36  Overlord  
  44  4:43  Overlord  
  44  4:54  Extractor  
  43  5:05  Zergling x12  
  49  5:08  Drone  
  49  5:11  Drone  
  51  5:15  Drone  
  52  5:25  Drone x3  
  55  5:35  Drone x3  
  31  5:57  Zergling x6  
  31  5:58  Zergling x10  
  39  6:09  Spire  
  38  6:14  Pneumatized Carapace  
  38  6:16  Drone  
  38  6:18  Drone  
  40  6:24  Extractor  
  40  6:25  Extractor  
  38  6:28  Drone x3  
  38  6:32  Drone  
  42  6:40  Drone x3  
  42  6:41  Drone  
  42  6:46  Overlord, Drone x2  
  47  6:59  Overlord x2  
  48  7:01  Drone  
  48  7:02  Drone  
  49  7:17  Overlord x3  
  49  7:19  Drone x2  
  49  7:20  Drone  
  52  7:27  Zerg Flyer Armor Level 1  
  52  7:38  Mutalisk x3  
  52  7:40  Mutalisk  
  60  7:44  Mutalisk  
  62  7:57  Hatchery  
  61  8:03  Mutalisk x2  
  65  8:26  Mutalisk x2  
  67  8:44  Queen  
  67  8:49  Drone x10  
  67  8:50  Drone x4  
  81  8:56  Mutalisk  
  81  9:00  Overseer  
  83  9:09  Mutalisk x2  
  83  9:12  Mutalisk  
  87  9:17  Drone  
  87  9:18  Extractor, Drone x6  
  87  9:19  Extractor  
  85  9:37  Mutalisk x2  
  87  9:40  Zergling x8  
  91  9:52  Mutalisk  
  93  9:53  Mutalisk  
  93  9:55  Zergling x6  
  93  9:56  Zergling x14  
  101  10:07  Overlord x3  
  101  10:19  Mutalisk x2  
  96  10:24  Zerg Flyer Armor Level 2  
  89  10:35  Mutalisk  
  89  10:36  Mutalisk  
  89  10:38  Zergling x2  
  89  10:39  Zergling x12  
  95  10:51  Zergling x10  
  95  10:52  Zergling x10  
  95  10:56  Drone  
  103  11:20  Drone x4  
  103  11:21  Drone, Evolution Chamber  
  103  11:22  Overlord x9, Evolution Chamber  
  103  11:23  Infestation Pit  
  105  11:26  Overseer, Hatchery  
  93  11:43  Mutalisk  
  93  11:44  Mutalisk x4  
  101  11:51  Zerg Melee Weapons Level 1, Zerg Ground Armor Level 1  
  92  12:04  Mutalisk x3  
  92  12:06  Zergling x2  
  92  12:07  Zergling x14  
  106  12:10  Spine Crawler x2  
  106  12:11  Spine Crawler  
  103  12:16  Hive  
  103  12:26  Zergling x2  
  103  12:27  Zergling x22  
  83  12:45  Zergling x2  
  83  12:46  Zergling x10  
  85  13:01  Mutalisk x6  
  85  13:02  Mutalisk, Baneling Nest  
  97  13:06  Zergling x4  
  97  13:21  Overlord  
  84  13:29  Zergling x26  
  90  13:36  Greater Spire  
  90  13:41  Zergling x6  
  88  13:51  Baneling x15  
  88  13:55  Zerg Melee Weapons Level 2  
  88  13:57  Zergling x20  
  88  13:58  Zergling x4  
  100  14:03  Zerg Ground Armor Level 2  
  88  14:15  Centrifical Hooks  
  77  14:21  Zergling x8  
  77  14:22  Zergling x4  
  74  14:39  Corruptor x3  
  74  14:41  Zergling x2  
  74  14:42  Zergling x10  
  74  14:43  Hatchery  
  81  15:03  Corruptor x3  
  81  15:04  Zergling x18  
  97  15:07  Baneling x5  
  97  15:08  Baneling  
  97  15:15  Hatchery  
  88  15:27  Baneling x7  
  85  15:32  Zergling x6  
  85  15:33  Zergling x18  
  85  15:35  Zergling x4  
  65  15:58  Zergling x16  
  69  16:05  Zergling x16  
  66  16:31  Corruptor x2  
  64  17:12  Brood Lord x2  
  64  17:13  Corruptor  
  64  17:14  Corruptor x2  
  71  17:36  Corruptor  
  68  17:37  Corruptor x2  
  67  17:45  Corruptor  
  67  17:46  Corruptor  
  67  17:49  Brood Lord x3  
  42  18:47  Brood Lord x2  
  12  20:58  Corruptor  
Show
View Real Time Build Order
Export as new Build Order

IIIIIIIIII Zerg 

Build Orders: Pool First 

Get SALT Encoding   

  12  0:01  Drone  
  13  0:08  Drone  
  14  0:18  Overlord  
  14  0:23  Extractor  
  14  0:24  Drone  
  14  0:36  Drone  
  14  0:37  Drone  
  16  0:45  Drone  
  17  0:55  Drone  
  18  1:00  Spawning Pool  
  17  1:06  Drone  
  18  1:17  Drone  
  19  1:31  Drone, Hatchery  
  19  1:39  Drone  
  20  1:50  Roach Warren  
  20  1:51  Drone  
  20  2:01  Queen  
  20  2:08  Overlord  
  22  2:14  Overlord  
  22  2:32  Roach x2  
  26  2:46  Roach x2  
  30  2:53  Ravager  
  30  2:54  Ravager  
  30  2:56  Overlord  
  32  3:01  Roach  
  32  3:05  Roach  
  36  3:19  Drone x3  
  39  3:24  Zergling x2, Roach  
  39  3:25  Roach  
  39  3:27  Roach  
  46  3:32  Queen  
  48  3:38  Drone  
  49  3:45  Spine Crawler  
  49  3:46  Drone  
  49  3:56  Drone x2  
  51  4:03  Spine Crawler  
  51  4:04  Overlord  
  49  4:17  Drone x2  
  49  4:18  Drone  
  52  4:32  Overlord x2  
  52  4:37  Metabolic Boost  
  52  4:43  Drone x4  
  56  4:51  Drone x3  
  59  4:57  Drone  
  60  5:01  Spore Crawler, Drone  
  60  5:05  Spore Crawler  
  59  5:13  Drone x6  
  65  5:16  Extractor, Drone  
  65  5:17  Drone  
  66  5:31  Ravager x2  
  66  5:34  Ravager  
  69  5:36  Drone  
  69  5:39  Extractor, Drone x3  
  72  5:53  Drone  
  72  5:54  Drone x3, Hatchery  
  75  6:03  Drone  
  76  6:15  Overlord x2  
  76  6:19  Extractor  
  75  6:27  Overlord x2  
  75  6:39  Overlord  
  75  6:40  Overlord  
  75  6:50  Evolution Chamber  
  75  6:52  Drone x3  
  75  6:53  Overlord x2  
  77  6:57  Lair  
  77  7:04  Overlord x2  
  77  7:06  Drone x2, Evolution Chamber  
  77  7:07  Drone, Evolution Chamber  
  78  7:08  Drone x2  
  78  7:12  Spore Crawler  
  78  7:13  Spine Crawler, Drone  
  79  7:16  Spine Crawler  
  79  7:19  Spine Crawler  
  77  7:37  Overlord x2  
  77  7:39  Zerg Ground Armor Level 1  
  77  7:43  Zerg Melee Weapons Level 1  
  77  7:44  Zerg Missile Weapons Level 1  
  77  8:02  Drone x8  
  77  8:05  Queen  
  87  8:08  Spore Crawler  
  87  8:10  Extractor, Drone x3  
  88  8:18  Baneling Nest  
  88  8:19  Hatchery  
  86  8:22  Infestation Pit  
  86  8:23  Pneumatized Carapace  
  62  8:38  Zergling x8  
  62  8:39  Zergling x16  
  74  8:52  Extractor, Drone x3  
  76  8:56  Drone x2  
  76  8:57  Spore Crawler  
  76  8:58  Spore Crawler  
  76  8:59  Spore Crawler  
  76  9:01  Centrifical Hooks  
  75  9:03  Hive  
  75  9:04  Baneling x3  
  75  9:05  Baneling x17  
  75  9:17  Overlord x2  
  75  9:18  Overseer  
  75  9:23  Zergling x4  
  75  9:24  Zergling x14  
  72  9:38  Zergling x2  
  72  9:39  Zergling x12  
  72  9:44  Baneling  
  72  9:45  Baneling x16  
  79  9:46  Zergling x6  
  77  9:53  Zerg Melee Weapons Level 2  
  77  9:55  Zerg Ground Armor Level 2  
  77  9:58  Zergling x12  
  82  10:12  Zergling x16  
  89  10:15  Adrenal Glands  
  72  10:31  Zergling x14  
  72  10:33  Baneling  
  72  10:34  Baneling x9  
  72  10:36  Zergling x2  
  73  10:44  Zergling x10  
  68  10:58  Zergling x8  
  70  11:05  Drone x2  
  72  11:13  Extractor  
  72  11:14  Extractor  
  72  11:16  Baneling x10  
  67  11:25  Ultralisk Cavern  
  67  11:32  Drone  
  67  11:33  Drone x2  
  67  11:38  Hatchery  
  68  11:49  Drone x3  
  68  11:51  Drone x2  
  73  11:54  Zergling x2  
  73  11:55  Zergling x24  
  85  12:06  Zergling x8  
  85  12:07  Zergling x4  
  82  12:12  Chitinous Plating  
  82  12:14  Baneling  
  82  12:15  Baneling x10  
  82  12:16  Baneling x3  
  89  12:23  Ultralisk  
  83  12:40  Ultralisk x2  
  90  12:47  Zergling x14  
  94  12:52  Drone x3  
  97  13:11  Hatchery  
  97  13:12  Zergling x12  
  99  13:24  Zergling x14  
  99  13:25  Zergling x2  
  98  13:36  Zerg Ground Armor Level 3  
  98  13:39  Zergling x2  
  95  13:49  Zergling x6  
  95  13:50  Zergling x6  
  95  13:52  Spore Crawler  
  82  14:10  Zergling x10  
  82  14:11  Ultralisk  
  88  14:23  Zergling x2  
  88  14:24  Drone x3  
  90  14:31  Spore Crawler  
  90  14:33  Ultralisk  
  90  14:34  Ultralisk  
  100  15:02  Spore Crawler  
  100  15:04  Queen x2  
  90  15:23  Queen  
  90  15:26  Zergling x8  
  90  15:27  Zergling x20  
  103  15:40  Queen x2  
  106  15:46  Spore Crawler  
  105  15:52  Zergling x2  
  105  15:54  Baneling x20  
  105  15:55  Baneling  
  89  16:19  Ultralisk x5  
  119  16:27  Zergling x4  
  119  16:28  Zergling x16  
  92  17:16  Zergling x12  
  64  18:20  Zergling x16  
  65  18:28  Zergling x2  
  66  18:42  Zergling x6  
  62  18:55  Baneling x6  
  62  19:16  Overseer  
  52  19:54  Zergling x12  
  36  20:50  Zergling x2  
  36  20:51  Zergling x12  
  37  21:11  Baneling x2  
  37  21:13  Baneling  
Show
View Real Time Build Order
Export as new Build Order

kvarg Zerg - Winner!

Build Orders: Hatch First 

Get SALT Encoding   

  12  0:01  Drone  
  13  0:14  Overlord  
  13  0:19  Drone  
  14  0:34  Drone x2  
  16  0:38  Drone  
  17  0:57  Hatchery  
  17  0:59  Drone  
  17  1:03  Extractor  
  16  1:04  Drone  
  17  1:19  Spawning Pool  
  17  1:21  Drone  
  17  1:33  Drone x2  
  19  1:41  Drone  
  20  2:08  Metabolic Boost  
  20  2:09  Zergling x4  
  20  2:10  Queen x2  
  20  2:14  Zergling x2  
  27  2:20  Overlord  
  27  2:29  Drone  
  28  2:35  Spine Crawler  
  27  2:50  Drone x5  
  32  2:54  Roach Warren  
  29  3:05  Zergling x4  
  29  3:06  Zergling x2  
  29  3:11  Spine Crawler  
  31  3:30  Overlord  
  26  3:37  Roach x5  
  36  3:48  Overlord  
  35  4:02  Roach  
  28  4:04  Roach x2  
Show
View Real Time Build Order
Export as new Build Order

IIIIIIIIIIII Terran - Winner!

Build Orders: Bio Tank 

Get SALT Encoding   

  12  0:00  SCV  
  13  0:13  SCV  
  14  0:18  Supply Depot  
  14  0:25  SCV  
  15  0:39  SCV  
  15  0:40  Barracks  
  16  0:45  Refinery  
  16  0:51  SCV  
  16  0:55  Refinery  
  17  1:03  SCV  
  18  1:16  SCV  
  19  1:28  Marine, Orbital Command  
  20  1:34  Factory  
  20  1:42  Supply Depot  
  20  1:46  Marine  
  21  1:56  SCV  
  22  2:04  Marine  
  22  2:08  SCV  
  24  2:18  Factory Tech Lab  
  24  2:21  SCV  
  25  2:23  Marine  
  26  2:32  Command Center  
  26  2:34  SCV  
  27  2:42  Supply Depot  
  27  2:47  Siege Tank  
  27  2:50  SCV  
  31  2:52  Barracks Tech Lab  
  31  3:03  SCV  
  32  3:11  Marine  
  32  3:12  Stimpack  
  33  3:15  SCV  
  33  3:19  Siege Tank  
  37  3:27  SCV  
  37  3:29  Marine  
  39  3:43  SCV  
  42  3:48  Marauder  
  42  3:55  Command Center  
  42  3:57  Bunker  
  42  3:58  SCV  
  42  4:02  Orbital Command  
  43  4:10  SCV  
  43  4:15  Marauder  
  46  4:18  Siege Tank  
  46  4:23  Supply Depot  
  49  4:25  SCV  
  50  4:34  Bunker  
  50  4:36  SCV  
  50  4:37  SCV  
  52  4:38  Marine  
  53  4:45  Orbital Command  
  53  4:48  Starport  
  53  4:53  SCV  
  54  5:01  Widow Mine  
  54  5:05  SCV  
  57  5:07  Orbital Command  
  57  5:10  Marauder  
  57  5:11  Bunker  
  59  5:16  SCV  
  59  5:17  SCV  
  61  5:25  Supply Depot  
  61  5:27  Siege Tank, Starport Reactor  
  64  5:28  Combat Shields, SCV  
  64  5:29  SCV  
  64  5:31  Marine  
  67  5:37  Engineering Bay  
  67  5:41  SCV, Engineering Bay  
  68  5:43  SCV  
  68  5:45  SCV  
  61  5:52  Marauder  
  61  5:53  SCV  
  61  5:55  SCV  
  61  5:57  SCV  
  61  6:05  Siege Tank, SCV  
  61  6:10  SCV  
  68  6:11  SCV  
  68  6:13  Marine  
  67  6:21  Refinery  
  67  6:24  SCV  
  66  6:26  Barracks, SCV  
  66  6:28  Barracks  
  66  6:31  Marine  
  68  6:35  Terran Infantry Weapons Level 1, Terran Infantry Armor Level 1  
  68  6:36  SCV  
  68  6:37  Siege Tank  
  72  6:42  Starport Reactor, SCV  
  72  6:46  Supply Depot  
  73  6:47  SCV  
  73  6:48  SCV  
  73  6:49  Concussive Shells  
  73  6:50  Supply Depot  
  77  6:54  Marauder  
  77  6:59  Barracks  
  77  7:00  Missile Turret  
  77  7:01  Barracks  
  77  7:02  SCV  
  77  7:05  Missile Turret  
  77  7:07  SCV  
  79  7:08  Missile Turret  
  79  7:11  Supply Depot  
  79  7:14  Armory, Supply Depot  
  79  7:24  Refinery  
  79  7:25  Barracks Reactor  
  79  7:26  Barracks Reactor  
  79  7:27  Medivac x2  
  81  7:43  Marine  
  82  7:48  Refinery  
  82  7:54  Barracks Reactor  
  80  8:00  Supply Depot  
  80  8:05  Marine x4, Barracks Tech Lab  
  84  8:11  Orbital Command  
  84  8:12  SCV x2  
  86  8:14  Marauder, Siege Tank  
  91  8:22  Medivac  
  91  8:24  Medivac, SCV x2  
  95  8:31  Marine x3  
  95  8:32  Marine x3  
  95  8:33  Marauder  
  99  8:35  Marine  
  99  8:36  Missile Turret  
  99  8:38  Missile Turret  
  99  8:39  SCV x3  
  99  8:49  Marine x4  
  99  8:52  SCV  
  99  8:53  SCV  
  105  8:59  Refinery  
  105  9:00  Marine x4  
  105  9:01  Refinery  
  107  9:04  Terran Infantry Weapons Level 2  
  107  9:07  Marine  
  108  9:10  Terran Infantry Armor Level 2  
  108  9:11  Marine  
  108  9:12  Marine x2  
  111  9:18  Marine x2  
  111  9:19  Marauder x2  
  111  9:24  Marine, Siege Tank  
  120  9:29  Marine x2  
  120  9:30  Marine  
  124  9:36  Marine x2  
  113  9:39  Medivac x2  
  113  9:40  Marine x2  
  113  9:42  Marine  
  120  9:46  Terran Vehicle Weapons Level 1  
  120  9:47  Marine x2  
  120  9:49  Marine  
  123  9:53  Marine  
  123  9:54  Marine  
  125  10:03  Marine x2  
  125  10:04  Marine  
  124  10:09  Marine  
  124  10:10  Supply Depot  
  124  10:11  Marine x3, Supply Depot  
  124  10:12  Marine, Siege Tank  
  132  10:21  Marine, Marauder  
  111  10:29  Marine  
  111  10:30  Marine x4  
  111  10:31  Marine  
  101  10:36  Medivac x2  
  101  10:39  Marauder  
  101  10:42  Marine  
  107  10:47  Marine x2, Thor  
  107  10:48  Marine x2  
  116  10:51  Command Center  
  112  10:57  Marine x2  
  112  11:01  Marauder x2  
  102  11:05  Marine x3  
  102  11:07  Marine  
  102  11:09  Medivac x2  
  109  11:15  Marine x2  
  109  11:22  Marine x2, Terran Infantry Weapons Level 3  
  109  11:23  Marine x3  
  109  11:25  Marine  
  114  11:31  Barracks x3  
  114  11:32  Missile Turret  
  115  11:33  Marine x2, Missile Turret  
  115  11:34  Missile Turret  
  115  11:37  Missile Turret  
  115  11:39  Marine, Terran Infantry Armor Level 3  
  114  11:40  Marauder  
  114  11:41  Marine  
  118  11:47  Terran Vehicle Weapons Level 2  
  118  11:48  Marine  
  119  11:54  Marine  
  119  11:56  Marine  
  119  11:58  Thor  
  119  11:59  Marauder  
  128  12:02  Marine  
  128  12:03  Marine, Marauder  
  128  12:05  Marine  
  128  12:06  Marine  
  119  12:09  Orbital Command  
  119  12:12  Marine  
  119  12:13  Liberator x2  
  119  12:14  Marine  
  121  12:20  Marine  
  121  12:21  Marauder, Barracks Tech Lab x2  
  125  12:23  Marine, Barracks Tech Lab  
  125  12:25  Marauder  
  125  12:28  Marine  
  120  12:38  Marine  
  120  12:39  Marine  
  120  12:40  Marine  
  120  12:42  Marine, Marauder x2  
  120  12:44  Marine x2, Thor  
  124  12:45  Marauder  
  124  12:46  Marine x2  
  127  12:56  Marine  
  127  12:57  Marine x2  
  130  13:00  Marine  
  130  13:02  Marine  
  130  13:03  Marauder x2, Marine  
  130  13:04  Marine, Marauder  
  140  13:06  Marauder  
  141  13:13  Unknown x2  
  141  13:14  Marine  
  141  13:15  Marine x2  
  141  13:17  Marine, Liberator x2  
  145  13:20  Marine  
  145  13:21  Marine, Marauder  
  145  13:24  Marauder  
  145  13:25  Marauder x2  
  135  13:27  Marine  
  135  13:31  Thor  
  135  13:32  Marine  
  135  13:33  Marine x2  
  145  13:35  Marine  
  145  13:38  Marine  
  145  13:39  Marine  
  154  13:43  Marauder  
  154  13:45  Marine, Marauder  
  154  13:46  Marine  
  154  13:47  Marauder  
  155  13:49  Marine  
  155  13:50  Marine  
  157  14:00  Marine x2  
  157  14:01  Marine x2  
  143  14:03  Marauder  
  143  14:04  Marauder x2  
  143  14:07  Marauder, Marine  
  143  14:08  Marauder, Marine  
  138  14:11  Unknown  
  138  14:14  Thor  
  124  14:18  Marine x3  
  124  14:19  Marine  
  124  14:23  Liberator x2  
  126  14:25  Marauder x2, Marine x2  
  126  14:26  Marine  
  126  14:27  Marine  
  126  14:29  Marine  
  135  14:31  Thor  
  135  14:36  Marine x3  
  134  14:40  Marine  
  134  14:43  Marauder  
  143  14:45  Marine  
  143  14:46  Marauder x2  
  143  14:48  Marine x2  
  143  14:49  Marauder  
  152  14:56  Marine x2  
  152  14:58  Marine  
  155  15:05  Marauder  
  155  15:06  Marine x2  
  161  15:07  Marauder x2  
  163  15:15  Marauder  
  163  15:18  Orbital Command  
  149  15:21  Building Armor  
  149  15:22  Hi-Sec Auto Tracking  
  149  15:23  Marine, Terran Vehicle And Ship Armor Level 1  
  149  15:24  Marine, Marauder  
  149  15:25  Marine  
  149  15:26  Marauder  
  149  15:28  Marine x3  
  149  15:29  Marauder  
  154  15:38  Marine, Marauder  
  154  15:41  Marine x2  
  148  15:45  Marauder  
  148  15:48  Marauder  
  144  15:50  Thor  
  144  15:53  Marine  
  144  15:55  Medivac  
  150  15:57  Medivac  
  150  16:00  Marauder  
  153  16:06  Marine  
  153  16:07  Marauder  
  153  16:10  Marauder  
  148  16:22  Marine x4, Marauder  
  152  16:25  Marine  
  152  16:26  Marauder  
  152  16:27  Marine  
  152  16:31  Marine  
  153  16:32  Thor  
  153  16:33  Marine  
  153  16:34  Marauder  
  153  16:39  Marine  
  162  16:43  Marine  
  162  16:44  Marine  
  162  16:45  Marauder  
  161  16:49  Marine x2  
  161  16:50  Marauder  
  156  16:54  Marine  
  156  16:56  Marine x2, Liberator x2  
  156  16:57  Marauder, Marine  
  156  17:01  Marine  
  147  17:06  Marine  
  147  17:07  Marauder, Marine  
  150  17:09  Marine  
  150  17:11  Marauder  
  150  17:14  Marine, Marauder  
  150  17:15  Marauder, Marine  
  161  17:18  Marauder  
  160  17:26  Marine  
  160  17:28  Marauder  
  162  17:35  Marine, Marauder  
  142  18:06  Marine  
  142  18:07  Marine, Marauder, Viking x2  
  142  18:11  Starport  
  141  18:15  Starport x2  
  141  18:18  Barracks Reactor  
  103  18:32  Marine, Marauder, Orbital Command  
  103  18:33  Marine  
  105  18:34  Marauder  
  105  18:37  Viking x2  
  105  18:39  Marine x2, Marauder  
  107  18:54  Viking x2  
  108  19:07  Viking x2  
  112  19:16  Orbital Command  
  112  19:19  Viking x2  
  116  19:35  Viking x2  
  71  19:54  Orbital Command  
  71  19:58  Marine  
  71  19:59  Marine x5, Marauder  
  71  20:00  Marauder x2  
  71  20:01  Marine  
  71  20:02  Marine  
  73  20:19  Marine x3  
  73  20:20  Marine x2, Marauder  
  78  20:21  Marine x2  
  78  20:22  Marine  
  78  20:26  Marine, Marauder  
  71  20:36  Orbital Command  
  71  20:37  Marine  
  71  20:42  Marine, Marauder  
  71  20:54  Marauder  
  71  20:56  Orbital Command  
Tags
 
Add a new tag
Caveats
  • Supply blocks, unpowered buildings, or Contaminate may cause inaccurate times.
  • Supply counts are checked every 10 seconds.